cohdb
Replays
Latest Replays
All Replays
Popular Replays
Top Player Replays
Match Explorer
How It Works
Community
CoH3 Stats
Reddit
Sign in to upload your games and track your stats! →
Sign in with Steam
Match 42562268
Unlisted
Match 42562268
Overview
Messages
Build Orders
End
Pioneer Squad
Construct Infanterie Kompanie
Pioneer Squad
Grenadier Squad
Selects Breakthrough Battlegroup
Selects Breakthrough Battlegroup
Selects Assault Grenadiers
Grenadier Squad
Construct Luftwaffe Kompanie
Selects Rapid Production
221 Scout Car
Jäger Squad
Medical Station
Flak 30 Anti-aircraft Gun Team
MG 42 Machine Gun Team
Support Elements
Wirbelwind Flakpanzer
Luftwaffe Officer Quarters
Selects Blitzkrieg
Marder III M Tank Destroyer
Σαλιγκαράνθρωπος
Wolfe
0
0
Comments
sign in to comment!
No comments posted yet!